 Dungeon Crawl Stone Soup version 0.31-a0-319-g4fced400ed (webtiles) character file.

Game seed: 15338516746036052173

193 senseless the Changeling (level 5, 0/36 HPs)
             Began as an Octopode Shapeshifter on July 17, 2023.
             Slain by Duvessa
             ... wielding a +0 short sword
              (4 damage)
             ... on level 4 of the Dungeon.
             The game lasted 00:04:42 (2174 turns).

senseless the Changeling (Octopode Shapeshifter)    Turns: 2174, Time: 00:04:43

Health: 0/36       AC:  1    Str: 20    XL:     5   Next: 72%
Magic:  5/5        EV: 14    Int: 10    God:
Gold:   171        SH:  0    Dex: 15    Spells: 4/4 levels left

rFire   . . .        f - +2 dagger (freeze)
rCold   . . .        (no shield)
rNeg    . . .        (helmet currently unavailable)
rPois   .            (no amulet)
rElec   .            e - +6 ring of strength
rCorr   +            i - ring of resist corrosion
SInv    .            (no ring)
Will    .....        (no ring)
Stlth   +++          (no ring)
HPRegen 0.26/turn    (no ring)
MPRegen 0.09/turn    (no ring)
                     (no ring)

%: no passive effects
@: beast-form
A: beast (slay +2), almost no armour, amphibious, 8 rings, camouflage 1,
gelatinous body 1, (nimble swimmer 1), tentacles
a: Begin Untransformation


You were on level 4 of the Dungeon.
You were a hulking beast.
You visited 1 branch of the dungeon, and saw 4 of its levels.

You collected 171 gold pieces.

Inventory:

Hand Weapons
 f - a +2 dagger of freezing (weapon)
 l - a +3 quarterstaff of chaos
Jewellery
 e - a +6 ring of strength (left tentacle)
 i - a ring of resist corrosion (right tentacle)
Talismans
 b - a beast talisman
Wands
 h - a wand of iceblast (11) (quivered)
 n - a wand of digging (8)
Scrolls
 c - 2 scrolls of teleportation
Potions
 a - a potion of lignification
 d - a potion of curing
 g - 2 potions of enlightenment
 o - a potion of magic


   Skills:
 + Level 3.1 Fighting
 + Level 3.1 Dodging
 + Level 2.5 Stealth
 + Level 3.2 Unarmed Combat
 + Level 3.6 Shapeshifting


You had 4 spell levels left.
You didn't know any spells.
Your spell library was empty.

Dungeon Overview and Level Annotations

Branches:
Dungeon (4/15)
 Temple: D:4-7

Altars:
Nemelex Xobeh
Vehumet

Annotations:
D:4 Duvessa


Innate Abilities, Weirdness & Mutations

You are a hulking beast.
Your limbs bulge with bestial killing power. (Slay +2)
You cannot wear most types of armour.
You are amphibious.
You can wear up to eight rings at the same time.
Your skin changes colour to match your surroundings (Stealth+).
Your rubbery body absorbs attacks. (AC +1, EV +1)
((You are camouflaged when in or above water. (Stealth+)))
You have tentacles for arms and can constrict up to eight enemies at once.


Message History

You hear a distant scream of rage.
Your Fighting skill increases to level 3!
Your Dodging skill increases to level 3!
You start resting.
A shadow imp is nearby!
You hit the shadow imp but do no damage.
You grab the shadow imp. You constrict the shadow imp. The shadow imp hits you.
You hit the shadow imp but do no damage.
The shadow imp is moderately wounded.
You constrict the shadow imp. The shadow imp hits you.
You hit the shadow imp.
The shadow imp is severely wounded.
You constrict the shadow imp. The shadow imp gestures at you.
Pain shoots through your body!
You are too injured to fight recklessly!
You hit the shadow imp.
You kill the shadow imp!
You start resting.
You are no longer glowing.
HP restored.
There is a stone staircase leading down here.
h - a wand of iceblast (13) Duvessa, Sister of Dowan comes into view.
She is wielding a +0 short sword.
Duvessa goes berserk!
The mass of ice explodes!
The iceblast engulfs Duvessa but does no damage.
The mass of ice explodes!
The iceblast engulfs Duvessa!!
Duvessa is moderately wounded.
Duvessa rages.
You closely miss Duvessa. Your grab misses Duvessa.
Duvessa is moderately wounded.
Duvessa hits you with a +0 short sword! x2
* * * LOW HITPOINT WARNING * * *
An endoplasm comes into view.
You are too injured to fight recklessly!
Duvessa attacks as you move away! Duvessa hits you with a +0 short sword.
* * * LOW HITPOINT WARNING * * *
Duvessa hits you with a +0 short sword.
You die...

# #. J##.. . #. #. .#..
.. #. #.##... ...
###.#..#..#....
..............
#.##.........
#############..#..##
.........#......e..##
.........#......h...##
....###..#...........#
....####.#######.###.#
.....# #.## #..# #.#
...#.###..#####.## #.#
..##..........#..# #.####
####.............###....#
##..............#....#
#..............#....#


You could see Duvessa (berserk).

Vanquished Creatures
  Dowan (D:4)
  A quasit (D:4)
  Crazy Yiuf (D:2)
  A gnoll (D:1)
  An adder (D:2)
  2 shadow imps (D:4)
  An ufetubus (D:4)
  A dart slug (D:2)
  6 bats
  3 endoplasms
  A giant cockroach (D:1)
  7 goblins
  3 hobgoblins
  4 jackals (D:2)
  2 quokkas (D:1)
  6 ball pythons
  2 kobolds
  2 rats
45 creatures vanquished.

Notes
Turn   | Place    | Note
-------+----------+-------------------------------------------
     0 | D:1      | senseless the Octopode Shapeshifter began the quest for the
                  | Orb.
     0 | D:1      | Reached XP level 1. HP: 14/14 MP: 1/1
   244 | D:1      | Reached XP level 2. HP: 19/19 MP: 2/2
   396 | D:1      | Reached XP level 3. HP: 24/25 MP: 3/3
  1176 | D:2      | Reached skill level 1 in Stealth
  1195 | D:2      | Reached XP level 4. HP: 29/30 MP: 4/4
  1304 | D:2      | Found a runed translucent door.
  1305 | D:2      | Noticed Crazy Yiuf
  1313 | D:2      | Killed Crazy Yiuf
  1635 | D:3      | Found a sparkling altar of Nemelex Xobeh.
  1776 | D:3      | Found a radiant altar of Vehumet.
  2023 | D:4      | Reached XP level 5. HP: 33/36 MP: 5/5
  2048 | D:4      | Noticed Dowan
  2055 | D:4      | Killed Dowan
  2169 | D:4      | Noticed Duvessa
  2174 | D:4      | Slain by Duvessa

Illustrated notes

Levels and vault maps discovered:
D:1:      minmay_arrival_stone_box, layout_basic, grunt_decor_clamped
D:2:      layout_basic, uniq_crazy_yiuf_cottage
D:3:      layout_rooms, nicolae_overflow_crystal_walls,
          mainiacjoe_overflow_24_doors
D:4:      layout_rooms, lemuel_coloured_pillars_altar, serial_demonic,
          serial_demonic_e, serial_demonic_g, serial_demonic_a,
          serial_demonic_g, st_stairs_6, uniq_duvessa, uniq_robin

Skill      XL: |  1  2  3  4  5 |
---------------+----------------+-----
Stealth        | 1 2 |  2.5
Unarmed Combat | 3 |  3.2
Fighting       | 3 |  3.1
Dodging        | 3 |  3.1
Shapeshifting  | |  3.6

Action                     |  1- 3 |  4- 6 || total
---------------------------+-------+-------++-------
  Melee: Unarmed           |    22 |       ||    22
         Constrict         |    17 |     7 ||    24
         Tentacles         |     6 |     9 ||    15
         Punch             |     2 |     1 ||     3
         Dagger            |    25 |    27 ||    52
  Evoke: Wand              |       |     2 ||     2
    Use: Scroll            |       |     8 ||     8
   Stab: Sleeping          |     7 |       ||     7
 Armour: Skin              |     3 |     1 ||     4
  Dodge: Dodged            |    34 |    13 ||    47

Table legend: (Time is in decaauts)
 A = Elapsed time spent in this place.
 B = Non-inter-level travel time spent in this place.
 C = Inter-level travel time spent in this place.
 D = Time resting spent in this place.
 E = Time spent auto-exploring this place.
 F = Levels seen in this place.
 G = Mean time per level.
                   A        B        C        D        E       F      G
               +--------+--------+--------+--------+--------+-----+--------+
         Total |   2170 |   2095 |     75 |     17 |   1764 |   4 |  542.5 |
       Dungeon |   2170 |   2095 |     75 |     17 |   1764 |   4 |  542.5 |
               +--------+--------+--------+--------+--------+-----+--------+

Top non-repeatable levels by time:
     D:1: 858 daAuts
     D:2: 692 daAuts
     D:3: 408 daAuts
     D:4: 211 daAuts
